 Dungeon Crawl Stone Soup version 0.21.0-3-g78d12a8 (webtiles) character file.

7 tidbits the Caller (level 1, -3/7 HPs)
             Began as a Felid Summoner on Jan 8, 2018.
             Slain by an ooze (4 damage)
             ... on level 1 of the Dungeon.
             The game lasted 00:00:54 (99 turns).

tidbits the Caller (Felid Summoner)                   Turns: 99, Time: 00:00:55

Health: -3/7       AC:  1    Str:  4    XL:     1   Next: 83%
Magic:  1/4        EV: 18    Int: 16    God:
Gold:   0          SH:  0    Dex: 16    Spells: 3/4 levels left
                                        Lives:  0   Deaths: 0

rFire    . . .     SeeInvis +     - Unarmed
rCold    . . .     Gourm    .   (shield unavailable)
rNeg     . . .     Faith    .   (armour unavailable)
rPois    .         Spirit   .   (helmet unavailable)
rElec    .         Reflect  .   (cloak unavailable)
rCorr    .         Harm     .   (gloves unavailable)
MR       .....                  (boots unavailable)
Stlth    +++.......             (no amulet)
HPRegen  0.02/turn              (no ring)
MPRegen  0.09/turn              (no ring)

@: quick
A: very small, no armour, no weapons or thrown items, stealth, claws 1, fangs 3,
see invisible, carnivore, speed 1, shaggy fur 1, slow metabolism 1, sharp paws
a: no special abilities


You were on level 1 of the Dungeon.
You were very full.

You visited 1 branch of the dungeon, and saw 2 of its levels.

Inventory:

Books
 a - a book of Callings

   Spells                             Type                      Level
   a - Summon Small Mammal            Summoning                    1
   b - Call Imp                       Summoning                    2
   c - Call Canine Familiar           Summoning                    3
   d - Summon Guardian Golem          Hexes/Summoning              3
   e - Summon Lightning Spire         Summoning/Air                4
   f - Summon Ice Beast               Ice/Summoning                4
Comestibles
 b - a ration


   Skills:
 - Level 2.6 Dodging
 + Level 3.2 Stealth
 + Level 1.0 Unarmed Combat
 - Level 2.0 Spellcasting
 - Level 4.0 Summonings


You had 3 spell levels left.
You knew the following spells:

 Your Spells              Type           Power        Failure   Level  Hunger
a - Summon Small Mammal   Summ           ##..         4%          1    #......


Dungeon Overview and Level Annotations

Branches:
Dungeon (2/15)

Altars:


Innate Abilities, Weirdness & Mutations

You cannot wear armour.
You are incapable of wielding weapons or throwing items.
Your paws allow you to move quietly. (Stealth)
You have sharp claws.
You have razor-sharp teeth.
You have supernaturally acute eyesight. (SInv)
You are carnivorous and can eat meat at any time.
You cover ground quickly.
You are covered in fur. (AC +1)
You have a slow metabolism.
Your sharp claws are effective at attacking unaware monsters.


Message History

You swap places.
A rat and a goblin come into view.
The rat closely misses you.
You swap places.
The rat bites your bat but does no damage.
Your bat hits the rat. What are your orders? t - Meow!
Orders for allies: a - Attack new target. r - Retreat! s - Stop attacking. g - Guard the area. f - Follow me.
Anything else - Cancel.
Gang up on whom?
Press: ? - help, Dir - move target cursor, f - rat
Aim: a rat (moderately wounded) Attack!
Your bat closely misses the rat. x2; The rat bites your bat.
Your bat dies!
Your bat's corpse disappears in a puff of smoke!
Casting: Summon Small Mammal
Confirm with . or Enter, or press ? or * to list all spells.
The rat twitches its whiskers.
The rat closely misses you.
You scratch the rat.
The rat is severely wounded.
The goblin shouts!
The rat bites you but does no damage.
You barely miss the rat.
The rat is severely wounded.
The rat misses you.
You barely miss the rat.
The rat is severely wounded.
Your rat misses the rat. The rat misses you.
You scratch the rat.
You kill the rat!
Your Stealth skill increases to level 3!
Casting: Summon Small Mammal
Confirm with . or Enter, or press ? or * to list all spells.
The goblin hits your rat.
A kobold comes into view. It is wielding a club.
Your rat closely misses the goblin.
You scratch the goblin.
You kill the goblin!
Found a stone staircase leading down.
A rat comes into view.
Casting: Summon Small Mammal
Confirm with . or Enter, or press ? or * to list all spells.
Your rat closely misses the kobold.
You scratch the kobold but do no damage.
The kobold completely misses you.
Your rat bites the kobold.
Your rat bites the kobold but does no damage.
Your rat bites the kobold.
The kobold dies!
Found a dagger.
Things that are here:
a club; a kobold corpse You swap places.
You scratch the rat.
The rat is moderately wounded.
Your rat bites the rat.
The rat dies!
You see here a rat corpse.
There is a stone staircase leading down here.
You climb downwards.
Your summoned allies are left behind.
A hobgoblin comes into view. It is wielding a club.
Found a runed long sword.
Found an escape hatch in the ceiling.
There is a stone staircase leading up here.
There is an escape hatch in the ceiling here.
The hobgoblin shouts!
The hobgoblin misses you.
There is an escape hatch in the ceiling here.
There is a stone staircase leading up here.
You climb upwards.
There is a stone staircase leading down here.
Found a stone staircase leading down.
A hobgoblin comes into view.
An ooze comes into view.
The hobgoblin shouts!
Casting: Summon Small Mammal
Confirm with . or Enter, or press ? or * to list all spells.
Casting: Summon Small Mammal
Confirm with . or Enter, or press ? or * to list all spells.
The hobgoblin hits your rat.
Your rat dies!
Your rat's corpse disappears in a puff of smoke!
You scratch the hobgoblin.
The hobgoblin is heavily wounded.
The hobgoblin hits you.
* * * LOW HITPOINT WARNING * * *
You scratch the hobgoblin.
You kill the hobgoblin!
Your Unarmed Combat skill increases to level 1!
Casting: Summon Small Mammal
Confirm with . or Enter, or press ? or * to list all spells.
Your bat hits the ooze. You scratch the ooze.
The ooze is lightly wounded.
Your bat hits the ooze but does no damage.
The ooze hits you.
Ouch! That really hurt!
You die...

...............
................
................
#........>........
#..#..............
..................
..........b.....#
.......#..rJ.#...#
.....##.....@....#
#.#............#.#
#....#.#.........#
......#.>......##
...)..............
.
.#.#.......#..##.
.. #..#...##.## .
... #.†..#..#.#
.... ##..).....#


You could see an ooze, a friendly bat and a friendly rat.

Vanquished Creatures
  3 hobgoblins (D:1)
  A goblin (D:1)
  A rat (D:1)
5 creatures vanquished.

Vanquished Creatures (collateral kills)
  A kobold (D:1)
  A rat (D:1)
2 creatures vanquished.

Grand Total: 7 creatures vanquished

Notes
Turn   | Place    | Note
-------+----------+-------------------------------------------
     0 | D:1      | tidbits the Felid Summoner began the quest for the Orb.
     0 | D:1      | Reached XP level 1. HP: 7/7 MP: 4/4
    53 | D:1      | Reached skill level 3 in Stealth
    96 | D:1      | Reached skill level 1 in Unarmed Combat
    99 | D:1      | Slain by an ooze

Skill      XL: |  1 |
---------------+----+-----
Stealth        | 3 |  3.2
Unarmed Combat | 1 |  1.0
Dodging        | |  2.6
Spellcasting   | |  2.0
Summonings     | |  4.0

Action                   || total
-------------------------++-------
Melee: Unarmed           ||    14
 Cast: Summon Small Mamm ||     7
 Stab: Sleeping          ||     1
  Eat: Chunk             ||     4
Armor: Skin              ||     1
Dodge: Dodged            ||     8

Table legend:
 A = Turns spent in this place as a percentage of turns spent in the entire game.
 B = Non-inter-level travel turns spent in this place as a percentage of non-inter-level travel turns spent in the entire game.
 C = Inter-level travel turns spent in this place as a percentage of turns spent in this place.
 D = Turns resting spent in this place as a percentage of non-inter-level travel turns spent in this place.
 E = Turns spent auto-exploring this place as a percentage of non-inter-level travel turns spent in this place.
 F = Non-inter-level travel turns spent in this place divided by the number of levels of this place that you've seen.
                   A       B       C       D       E      F
               +-------+-------+-------+-------+-------+----------------------
         Total | 100.0 | 100.0 |   0.0 |   0.0 |   0.0 |  49.5
       Dungeon | 100.0 | 100.0 |   0.0 |   0.0 |   0.0 |  49.5
               +-------+-------+-------+-------+-------+----------------------

Table legend:
 A = Kills in this place as a percentage of kills in entire the game.
 B = Kills by you in this place as a percentage of kills by you in the entire game.
 C = Kills by friends in this place as a percentage of kills by friends in the entire game.
 D = Other kills in this place as a percentage of other kills in the entire game.
 E = Experience gained in this place as a percentage of experience gained in the entire game.
 F = Experience gained in this place divided by the number of levels of this place that you have seen.
                   A       B       C       D       E      F
               +-------+-------+-------+-------+-------+----------------------
         Total | 100.0 | 100.0 | 100.0 |   N/A | 100.0 |   5.0
       Dungeon | 100.0 | 100.0 | 100.0 |   N/A | 100.0 |   5.0
               +-------+-------+-------+-------+-------+----------------------

Vault maps used:
D:1:      minmay_arrival_three_doors, minmay_ruptured
D:2:      zin_purify, kennysheep_small_spiral, minivault_4, st_stairs_7,
          uniq_jessica
